Map: Ever Dream LE

Players

Slaight

  • Race: Protoss Protoss
  • League: Platinum
  • Spawn Location: 7:00

Jaime - Winner!

  • Race: Protoss Protoss
  • League: Platinum
  • Spawn Location: 1:00

VOD

Have the link to the VOD?

Description

Time

  • Played on: Aug. 19, 2020, 4:04 p.m.
  • Length: 3:12
Show
View Real Time Build Order
Export as new Build Order

Slaight Protoss 

Build Orders:  

Get SALT Encoding   

  12  0:01  Probe  
  13  0:13  Probe  
  14  0:19  Pylon  
  14  0:29  Assimilator  
  14  0:30  Probe  
  15  0:40  Gateway  
  15  0:44  Probe  
  16  0:56  Probe  
  17  1:09  Probe  
  17  1:11  Gateway  
  17  1:21  Probe  
  17  1:22  Pylon  
  18  1:26  Pylon  
  18  1:43  Pylon  
  20  1:47  Zealot (Chrono Boost)  
  16  1:58  Zealot (Chrono Boost)  
  16  2:05  Probe  
  17  2:15  Zealot (Chrono Boost)  
  15  2:33  Zealot  
Show
View Real Time Build Order
Export as new Build Order

Jaime Protoss - Winner!

Build Orders: Cannon Rush 

Get SALT Encoding   

  12  0:01  Probe  
  13  0:14  Pylon  
  13  0:22  Probe  
  14  0:34  Probe (Chrono Boost)  
  15  0:37  Forge  
  15  0:46  Probe (Chrono Boost)  
  16  0:53  Probe (Chrono Boost)  
  17  0:58  Pylon  
  17  1:00  Probe  
  18  1:18  Photon Cannon  
  18  1:20  Photon Cannon  
  18  1:30  Pylon  
  17  1:57  Photon Cannon  
  17  1:59  Photon Cannon  
  17  2:07  Pylon  
  16  2:32  Probe (Chrono Boost)  
  17  2:41  Probe (Chrono Boost)  
  18  2:45  Gateway  
  18  2:46  Probe (Chrono Boost)  
  18  2:48  Nexus  
  19  3:00  Photon Cannon  
  19  3:03  Photon Cannon  
  19  3:06  Pylon  
Tags
 
Add a new tag
Caveats
  • Supply blocks, unpowered buildings, or Contaminate may cause inaccurate times.
  • Supply counts are checked every 10 seconds.